 Dungeon Crawl Stone Soup version 0.30-a0-422-g946f4849ff (webtiles) character file.

Game seed: 3803585331967207422

10278 pokeman the Eclecticist (level 11, -1/62 HPs)
             Began as a Deep Elf Hedge Wizard on Dec 8, 2022.
             Was a Believer of Vehumet.
             Slain by a vampire
             ... wielding a +0 flail
              (16 damage)
             ... on level 11 of the Dungeon on Dec 9, 2022.
             The game lasted 00:33:35 (12869 turns).

pokeman the Eclecticist (Deep Elf Hedge Wizard)    Turns: 12869, Time: 00:33:36

Health: -1/62      AC: 12    Str: 14    XL:     11   Next: 34%
Magic:  24/33      EV: 13    Int: 30    God:    Vehumet [**....]
Gold:   557        SH:  0    Dex: 17    Spells: 34/43 levels left

rFire   + . .      SeeInvis .    H - +6 war axe of Glory {vorpal, rPois rF+}
rCold   . . .      Faith    .    (no shield)
rNeg    + . .      Spirit   .    K - +0 steam dragon scales
rPois   +          Reflect  .    s - +0 helmet
rElec   .          Harm     .    (no cloak)
rCorr   +          Rampage  .    c - +2 pair of gloves of Death Resistance {rPois rCorr Dex+5}
Will    +....                    v - +1 pair of boots
Stlth   ++........               E - amulet of magic regeneration
HPRegen 0.30/turn                w - ring of flight
MPRegen 0.63/turn                C - ring "Oggaq" {rPois rN+ Str+7 Int+6 Dex-2}

@: flying
A: no striking features
a: Renounce Religion


You were on level 11 of the Dungeon.
You worshipped Vehumet.
Vehumet was pleased with you.
You visited 2 branches of the dungeon, and saw 12 of its levels.

You collected 557 gold pieces.

Inventory:

Hand Weapons
 B - a +0 dagger of electrocution
 H - the +6 war axe of Glory (weapon) {vorpal, rPois rF+}
   (You found it on level 8 of the Dungeon)

   It inflicts extra damage upon your enemies.
   rF:        It protects you from fire.
   rPois:     It protects you from poison.
Missiles
 h - 2 throwing nets
Armour
 b - a +2 robe of willpower
 c - the +2 pair of gloves of Death Resistance (worn) {rPois rCorr Dex+5}
   (You found it on level 5 of the Dungeon)

   Dex:       It affects your dexterity (+5).
   rPois:     It protects you from poison.
   rCorr:     It protects you from acid and corrosion.
 q - a +0 robe of resistance
 s - a +0 helmet (worn)
 v - a +1 pair of boots (worn)
 K - +0 steam dragon scales (worn)
Jewellery
 a - a ring of fire
 w - a ring of flight (left hand)
 C - the ring "Oggaq" (right hand) {rPois rN+ Str+7 Int+6 Dex-2}
   (You found it on level 7 of the Dungeon)

   [ring of intelligence]

   Str:       It affects your strength (+7).
   Int:       It affects your intelligence (+6).
   Dex:       It affects your dexterity (-2).
   rPois:     It protects you from poison.
   rN:        It protects you from negative energy.
 D - a +4 ring of protection
 E - an amulet of magic regeneration (around neck)
 L - an amulet of reflection
Wands
 F - a wand of flame (10)
Scrolls
 e - 14 scrolls of identify {unknown}
 f - a scroll of silence {unknown}
 g - a scroll of enchant weapon {unknown}
 j - 4 scrolls of enchant armour {unknown}
 k - 5 scrolls of vulnerability {unknown}
 r - 2 scrolls of poison {unknown}
 t - 2 scrolls of teleportation {unknown}
 y - 3 scrolls of noise {unknown}
 z - 3 scrolls of butterflies {unknown}
 J - a scroll of brand weapon {unknown}
 M - 3 scrolls of immolation {unknown}
 N - 2 scrolls of blinking {unknown}
 O - a scroll of acquirement {unknown}
 P - a scroll of amnesia {unknown}
 R - a scroll of torment {unknown}
Potions
 d - a potion of magic
 i - 10 potions of curing {unknown}
 l - a potion of cancellation {unknown}
 m - a potion of heal wounds {unknown}
 n - 3 potions of brilliance {unknown}
 o - 4 potions of lignification {unknown}
 p - 2 potions of resistance
 u - a potion of attraction {unknown}
 x - a potion of haste {unknown}
 G - a potion of might {unknown}
 I - a potion of invisibility {unknown}
 Q - a potion of flight {unknown}
Miscellaneous
 A - a condenser vane


   Skills:
 + Level 4.9 Fighting
 - Level 5.0 Armour
 - Level 3.2 Dodging
 - Level 3.2 Stealth
 * Level 16.5 Spellcasting
 + Level 9.8 Conjurations
 - Level 1.1 Summonings
 - Level 1.1 Translocations
 - Level 1.3 Air Magic
 - Level 1.0 Poison Magic
 - Level 1.1 Evocations


You had 34 spell levels left.
You knew the following spells:

 Your Spells              Type           Power      Damage    Failure   Level
a - Magic Dart            Conj           100%       1d8       1%          1
b - Mephitic Cloud        Conj/Pois/Air  49%        N/A       1%          3
c - Call Imp              Summ           31%        N/A       1%          2
d - Blink                 Tloc           62%        N/A       1%          2
e - Foxfire               Conj/Fire      100%       2x1d9     1%          1

Your spell library contained the following spells:

 Spells                   Type           Power      Damage    Failure   Level
 Kindle Blastsparks       Fire/Tloc/Air  58%        2d14      3%          3
 Beastly Appendage        Tmut           48%        N/A       1%          1
 Freeze                   Ice            96%        1d10      1%          1
 Kiss of Death            Conj/Necr      100%       2d13      1%          1
 Slow                     Hex            96%        N/A       1%          1
 Cigotuvi's Dreadful Rot  Necr/Pois/Air  58%        N/A       1%          2
 Searing Ray              Conj           100%       2d8       1%          2
 Fulminant Prism          Conj/Hex       26%        3d14      2%          4
 Gell's Gravitas          Tloc           31%        N/A       3%          3
 Lesser Beckoning         Tloc           62%        N/A       3%          3
 Teleport Other           Tloc           31%        N/A       3%          3
 Confusing Touch          Hex            24%        N/A       5%          3
 Dispel Undead            Necr           24%        3d12      19%         4


Dungeon Overview and Level Annotations

Branches:
Dungeon (11/15)            Temple (1/1) D:5            Lair (0/5) D:10
    Orc (0/2) D:9

Altars:
Ashenzari
Cheibriados
Dithmenos
Elyvilon
Fedhas
Gozag
Hepliaklqana
Kikubaaqudgha
Makhleb
Nemelex Xobeh
Okawaru
Qazlal
Ru
Sif Muna
Trog
Uskayaw
Vehumet
Wu Jian
Xom
Yredelemnul
Zin
The Shining One

Shops:
D:3 =

Portals:
Trove: D:11 (give +3 gold dragon scales)

Annotations:
D:6 1 transporter
D:9 Gold behind grate
D:10 1 runed translucent door, Ahpoh's ghost, novice BaGl


Message History

Casting: Foxfire (safe; 1% risk of failure)
Confirm with . or Enter, or press ? or * to list all spells.
You conjure some foxfire!
You feel stable enough to blink again.
The foxfire hits something.
Unknown command.
Casting: Foxfire (safe; 1% risk of failure)
Confirm with . or Enter, or press ? or * to list all spells.
You conjure some foxfire!
The foxfire hits something but does no damage.
The foxfire hits something.
Something draws life force from you!
* * * LOW HITPOINT WARNING * * *
Unknown command.
Casting: Foxfire (safe; 1% risk of failure)
Confirm with . or Enter, or press ? or * to list all spells.
You blink.
Found 7 stones.
The foxfire hits something.
The foxfire hits something but does no damage.
Unknown command.
You can't see anything.
Try to condense clouds anyway?
Okay, then.
Unknown command.
Casting: Blink (safe; 1% risk of failure)
Confirm with . or Enter, or press ? or * to list all spells.
You conjure some foxfire!
Something hits you but does no damage. Something bites you.
* * * LOW HITPOINT WARNING * * *
Unknown command.
You feel stable enough to blink again.
The foxfire hits something but does no damage. x2
You hear some strange, mumbled words.
Something tries to affect you, but you resist.
Casting: Foxfire (safe; 1% risk of failure)
Confirm with . or Enter, or press ? or * to list all spells.
You conjure some foxfire!
Unknown command.
The foxfire hits something but does no damage. x2
Casting: Foxfire (safe; 1% risk of failure)
Confirm with . or Enter, or press ? or * to list all spells.
You conjure some foxfire!
Something hits you!
You die...

########.##
#.........#
#.........#
#.........#
###.........#
#<'.........#
#.#.........+
.'.#v{.......#
...###@.ยง......#
..... #v........#
'### ###......##
######.# ..( ..


There were no monsters in sight!

Vanquished Creatures
  An ogre mage (D:10)
  The ghost of whiskeysaurus the Conjurer, a novice DrCj (D:4)
  A troll (D:10)
  9 hornets
  A wraith (D:10)
  5 yaks (D:9)
  2 wyverns (D:10)
  2 fire bats (D:4)
  A basilisk (D:10)
  3 steam dragons (D:9)
  2 vampire mosquitoes (D:10)
  A floating eye (D:10)
  3 water moccasins
  An orc warrior (D:9)
  An ice beast (D:6)
  A sky beast (D:7)
  4 black bears
  2 ogres (D:5)
  2 wolves (D:10)
  3 centaurs
  2 phantoms
  2 kobold brigands
  2 bullfrogs (D:8)
  2 gnoll sergeants
  7 scorpions
  17 wights
  10 killer bees
  5 howler monkeys
  6 hounds
  4 jellies
  A gnoll bouda (D:6)
  5 orc priests
  3 iguanas (D:6)
  7 orc wizards
  9 adders
  20 gnolls
  A shadow imp (D:8)
  A white imp (D:8)
  A worm (D:3)
  A dart slug (D:1)
  24 orcs
  6 bats
  12 endoplasms
  7 giant cockroaches
  7 goblins
  5 hobgoblins
  4 quokkas
  9 ball pythons
  3 frilled lizards
  14 kobolds
  10 rats
253 creatures vanquished.

Vanquished Creatures (others)
  A killer bee (D:8)
  270 foxfires
  3 fungi (D:10)
  14 plants (D:10)
288 creatures vanquished.

Grand Total: 541 creatures vanquished

Notes
Turn   | Place    | Note
-------+----------+-------------------------------------------
     0 | D:1      | pokeman the Deep Elf Hedge Wizard began the quest for the
                  | Orb.
     0 | D:1      | Reached XP level 1. HP: 10/10 MP: 7/7
   288 | D:1      | Reached XP level 2. HP: 15/16 MP: 2/9
  1281 | D:2      | Reached skill level 5 in Spellcasting
  1415 | D:2      | Reached XP level 3. HP: 20/20 MP: 7/11
  1419 | D:2      | Learned a level 3 spell: Mephitic Cloud
  1422 | D:2      | Learned a level 2 spell: Call Imp
  1425 | D:2      | Learned a level 2 spell: Blink
  1679 | D:2      | Reached skill level 1 in Fighting
  1679 | D:2      | Reached skill level 1 in Armour
  2470 | D:3      | Found Idyucs's Jewellery Boutique.
  2489 | D:3      | You fall into a shaft and drop 1 floor!
  2543 | D:4      | Reached XP level 4. HP: 25/25 MP: 4/13
  3294 | D:3      | Found a shimmering blue altar of Sif Muna.
  3443 | D:3      | Noticed a phantom
  3456 | D:3      | Killed a phantom
  3457 | D:3      | Reached skill level 6 in Spellcasting
  3457 | D:3      | Reached XP level 5. HP: 14/29 MP: 1/15
  4057 | D:4      | Found a transporter.
  4146 | D:4      | Found a large runed translucent door.
  4146 | D:4      | Found a large runed translucent door.
  4156 | D:4      | Noticed whiskeysaurus's ghost (novice DrCj)
  4216 | D:4      | Reached skill level 1 in Poison Magic
  4216 | D:4      | Reached XP level 6. HP: 29/34 MP: 4/17
  4579 | D:5      | Entered Level 5 of the Dungeon
  4617 | D:5      | Reached skill level 7 in Spellcasting
  4617 | D:5      | Reached skill level 1 in Air Magic
  4756 | D:5      | Identified the +2 pair of gloves of Death Resistance {rPois
                  | rCorr Dex+5}
  4973 | D:5      | Reached XP level 7. HP: 39/39 MP: 6/20
  5060 | D:5      | Found a staircase to the Ecumenical Temple.
  5092 | Temple   | Entered the Ecumenical Temple
  5334 | D:5      | Reached skill level 8 in Spellcasting
  6151 | D:4      | Reached skill level 9 in Spellcasting
  6376 | D:4      | Found a transporter.
  6381 | D:4      | Noticed a fire bat
  6381 | D:4      | Noticed a fire bat
  6602 | D:6      | Reached XP level 8. HP: 44/44 MP: 14/23
  6792 | D:6      | Reached skill level 5 in Conjurations
  6872 | D:6      | Found a sparkling altar of Nemelex Xobeh.
  6872 | D:6      | Found a transporter.
  6873 | D:6      | Noticed a two-headed ogre
  6949 | D:6      | Reached skill level 10 in Spellcasting
  7179 | D:6      | Reached skill level 1 in Evocations
  7627 | D:7      | Identified the ring "Oggaq" {rPois rN+ Str+7 Int+6 Dex-2}
  7740 | D:7      | Found a shadowy altar of Dithmenos.
  7806 | D:7      | Reached skill level 11 in Spellcasting
  7987 | D:7      | Reached XP level 9. HP: 49/49 MP: 16/26
  8276 | D:7      | Found a sacrificial altar of Ru.
  8729 | D:8      | Reached skill level 12 in Spellcasting
  8780 | D:8      | Found a radiant altar of Vehumet.
  8804 | D:8      | Became a worshipper of Vehumet
  9040 | D:8      | Identified the +6 war axe of Glory {vorpal, rPois rF+}
  9597 | D:8      | Found a stormy altar of Qazlal.
  9741 | D:9      | Reached skill level 13 in Spellcasting
  9791 | D:9      | Reached * piety under Vehumet
  9791 | D:9      | Offered knowledge of Sandblast by Vehumet.
  9797 | D:9      | Reached XP level 10. HP: 44/58 MP: 27/29
  9926 | D:9      | Found a glowing silver altar of Zin.
 10028 | D:9      | Found an opulent altar of Gozag.
 10204 | D:9      | Reached skill level 14 in Spellcasting
 10295 | D:9      | Found a shimmering altar of Xom.
 10358 | D:9      | Found a staircase to the Orcish Mines.
 10470 | D:9      | Offered knowledge of Scorch by Vehumet.
 10488 | D:9      | Reached ** piety under Vehumet
 10884 | D:3      | Got Sif Muna's Parchment of Variation
 10886 | D:3      | Got Sif Muna's Directory of Congelation
 10888 | D:3      | Got Sif Muna's Lectures on the Inferno
 10891 | D:3      | Learned a level 1 spell: Foxfire
 10960 | D:4      | Killed whiskeysaurus's ghost
 11405 | D:10     | Entered Level 10 of the Dungeon
 11531 | D:10     | Found a runed translucent door.
 11531 | D:10     | Found a shimmering altar of Xom.
 11531 | D:10     | Noticed Ahpoh's ghost (novice BaGl)
 11576 | D:10     | Reached skill level 15 in Spellcasting
 11597 | D:10     | Noticed a +0 hand axe of chaos
 11788 | D:10     | Found a bloodstained altar of Trog.
 11871 | D:10     | Reached XP level 11. HP: 62/62 MP: 32/32
 11942 | D:10     | Found a hide-covered altar of Uskayaw.
 12155 | D:10     | Found a staircase to the Lair.
 12186 | D:10     | Paralysed by a floating eye for 2 turns
 12208 | D:10     | Reached skill level 5 in Armour
 12222 | D:10     | Noticed an ogre mage
 12238 | D:10     | Offered knowledge of Kindle Blastsparks by Vehumet.
 12239 | D:10     | Reached skill level 16 in Spellcasting
 12241 | D:10     | Killed an ogre mage
 12622 | D:11     | Found a portal to a secret trove of treasure.
 12869 | D:11     | Slain by a vampire

Illustrated notes

Levels and vault maps discovered:
D:1:      wheals_arrival_linesprint, layout_loops_ring, minmay_misc_feat_cross,
          minmay_close_crescents
D:2:      layout_loops_ring, corexii_leaking_fountain,
          minmay_misc_feat_diagonals
D:3:      layout_basic, nicolae_sif_muna_little_library, serial_shops, shop,
          hangedman_abyss_or_decor_lesser_grid, minmay_starry_boxes
D:4:      gammafunk_cloud_chamber, layout_basic, ebering_ghost_disaster_area
D:5:      layout_basic, minmay_temple_entry_large_hall, minivault_5
D:6:      layout_loops_ring, grunt_nemelex_the_gamble, nicolae_underground_beach
D:7:      layout_cave_pods, mainiacjoe_overflow_paths,
          mainiacjoe_overflow_surrounded_room, serial_bayou_crossing
D:8:      layout_basic, mainiacjoe_overflow_brackets, nicolae_vehumet_radiance,
          kennysheep_another_room, small_statue_intersection
D:9:      layout_roguey, pdpol_temple_overflow_zin_treasury_gozag_greed,
          dk_xom_monty_hall, orc_0_dummy, kennysheep_windowed_goal
D:10:     hellmonk_paralyzer, layout_loops_ring, lemuel_round_altar,
          bloody_trog, minmay_lair_entry_grove, ebering_ghost_xom
D:11:     layout_roguey, nicolae_trove_entry_free_sample
Temple:   grunt_temple_mini_profane

Skill      XL: |  1  2  3  4  5  6  7  8  9 10 11 |
---------------+----------------------------------+-----
Spellcasting   | 5 6 7 9 11 13 15 16 | 16.5
Fighting       | 1 2 4 |  4.9
Armour         | 1 2 3 4 5 |  5.0
Conjurations   | 2 3 4 6 7 9 |  9.8
Dodging        | 3 |  3.2
Stealth        | 3 |  3.2
Poison Magic   | 1 |  1.0
Air Magic      | 1 |  1.3
Evocations     | 1 |  1.1
Summonings     | |  1.1
Translocations | |  1.1

Action                   |  1- 3 |  4- 6 |  7- 9 | 10-12 || total
-------------------------+-------+-------+-------+-------++-------
Melee: Whip              |       |    45 |    36 |       ||    81
       Punch             |       |     4 |     3 |       ||     7
       Dagger            |       |       |   134 |       ||   134
       War axe           |       |       |    15 |   109 ||   124
 Cast: Magic Dart        |   102 |   126 |   197 |    34 ||   459
       Mephitic Cloud    |       |     9 |    28 |    27 ||    64
       Call Imp          |       |     1 |     5 |     3 ||     9
       Blink             |       |     1 |       |     3 ||     4
       Foxfire           |       |       |       |   154 ||   154
Evoke: Wand              |       |       |       |     1 ||     1
 Stab: Confused          |       |     8 |    23 |    13 ||    44
Armor: Leather armour    |     3 |       |       |       ||     3
       Robe              |     3 |     8 |    57 |     8 ||    76
       Steam dragon scal |       |       |       |    43 ||    43
Dodge: Dodged            |    18 |    27 |   115 |   101 ||   261

Table legend: (Time is in decaauts)
 A = Elapsed time spent in this place.
 B = Non-inter-level travel time spent in this place.
 C = Inter-level travel time spent in this place.
 D = Time resting spent in this place.
 E = Time spent auto-exploring this place.
 F = Levels seen in this place.
 G = Mean time per level.
                   A        B        C        D        E       F      G
               +--------+--------+--------+--------+--------+-----+--------+
         Total |  12947 |  11825 |   1122 |    144 |   9653 |  12 | 1078.9 |
       Dungeon |  12736 |  11651 |   1085 |    144 |   9484 |  11 | 1157.8 |
        Temple |    210 |    173 |     37 |      0 |    169 |   1 |  210.0 |
               +--------+--------+--------+--------+--------+-----+--------+

Top non-repeatable levels by time:
     D:4: 1901 daAuts
     D:3: 1445 daAuts
     D:1: 1274 daAuts
    D:10: 1212 daAuts
     D:6: 1186 daAuts
     D:7: 1136 daAuts
     D:9: 1116 daAuts
     D:5: 1114 daAuts
     D:8: 1069 daAuts
     D:2: 999 daAuts
    D:11: 280 daAuts
  Temple: 210 daAuts
